 Dungeon Crawl Stone Soup version 0.23.2-40-g277498a001 (webtiles) character file.

Game seed: 14510810547802198876

373 Exodus22XD the Chopper (level 6, 0/57 HPs)
             Began as a Deep Dwarf Fighter on Sept 5, 2019.
             Slain by Cykl0x's ghost (10 damage)
             ... on level 3 of the Dungeon.
             The game lasted 00:05:16 (2500 turns).

Exodus22XD the Chopper (Deep Dwarf Fighter)         Turns: 2500, Time: 00:05:16

Health: 0/57       AC:  8    Str: 22    XL:     6   Next: 43%
Magic:  5/5        EV:  8    Int:  8    God:
Gold:   179        SH: 10    Dex: 12    Spells: 5/5 levels left

rFire    . . .     SeeInvis .   a - +0 war axe
rCold    . . .     Gourm    .   c - +0 shield
rNeg     . . .     Faith    .   b - +0 scale mail
rPois    .         Spirit   .   r - +0 helmet
rElec    .         Reflect  .   (no cloak)
rCorr    .         Harm     .   (no gloves)
MR       .....                  (no boots)
Stlth    ..........             (no amulet)
HPRegen  0.00/turn              m - ring of wizardry
MPRegen  0.09/turn              (no ring)

@: non-regenerating
A: damage resistance, heal wounds, sense surroundings 1, no regeneration
a: Heal Wounds


You were on level 3 of the Dungeon.
You were hungry.

You visited 1 branch of the dungeon, and saw 3 of its levels.
You also visited: Sewer.

You collected 179 gold pieces.

Inventory:

Hand Weapons
 a - a +0 war axe (weapon)
Armour
 b - a +0 scale mail (worn)
 c - a +0 shield (worn)
 r - a +0 helmet (worn)
Jewellery
 h - an uncursed ring of resist corrosion {unknown}
 m - a ring of wizardry (left hand)
 x - an uncursed ring of magical power {unknown}
Wands
 o - a wand of polymorph (1)
Scrolls
 e - 4 scrolls of identify {unknown}
 g - 2 scrolls of random uselessness {unknown}
 p - a scroll of remove curse {unknown}
 q - 4 scrolls of teleportation {unknown}
 v - 3 scrolls of fog {unknown}
Potions
 d - 3 potions of might
 i - a potion of berserk rage {unknown}
 j - 2 potions of heal wounds {unknown}
 k - a potion of lignification {unknown}
 l - a potion of resistance {unknown}
 n - 4 potions of curing {unknown}
 s - a potion of experience {unknown}
 t - a potion of brilliance {unknown}
 u - a potion of magic {unknown}
 w - 2 potions of haste {unknown}
Comestibles
 f - 4 rations


   Skills:
 + Level 3.8 Fighting
 + Level 4.8 Axes
 + Level 4.0 Armour
 + Level 2.2 Dodging
 + Level 0.2 Stealth
 + Level 4.6 Shields


You had 5 spell levels left.
You didn't know any spells.
Your spell library was empty.

Dungeon Overview and Level Annotations

Branches:
Dungeon (3/15)

Altars:
Wu Jian

Annotations:
D:3 Cykl0x's ghost, amateur FoFi


Innate Abilities, Weirdness & Mutations

You are resistant to damage.
You can heal yourself by infusing magical energy.
You passively map a small area around you.
You do not regenerate.


Message History

Cykl0x's ghost is moderately damaged.
Cykl0x's ghost hits you. Cykl0x's ghost hits you!
* * * LOW HITPOINT WARNING * * *
You closely miss Cykl0x's ghost.
Cykl0x's ghost is moderately damaged.
Cykl0x's ghost hits you but does no damage.
Cykl0x's ghost hits you!
* * * LOW HITPOINT WARNING * * *
Cykl0x's ghost whispers, "Death doesn't hurt.
What you feel is life."
Cykl0x's ghost screams, "They lied to you.
The Dungeon just goes down and down forever."
There is an open translucent gate here.
You see here an opal ring.
x - an opal ring You see here a robe.
Cykl0x's ghost says, "You will join me soon!"
There is an open translucent gate here.
You see here a rat corpse.
Cykl0x's ghost whispers, "The ORB doesn't exist."
Cykl0x's ghost hits you!
You die...

.................................
.^.......#.........#.###..###.##.
.........#########.#.#...........
.........# #.#r#.#########.
....###### #.#l..#.......#.
.##.##############l##..#..###..#.
.##.#............#r##..'..###[.#.
###.#.###......#.#.##..†.......#.
....#.# #.####.#@#.###.'..###..#.
#####.###.####.#.W.# #.#..###..#.
#.##.......##### #.#....[..#.
#####.##..###### #.#########.
#.....##....# ##...........
#.........#.# #............
'...........# #.........##.
#....###..##### #.........+..
..........###.### #.........###


You could see Cykl0x's ghost.

Vanquished Creatures
  Sigmund (D:2)
  An orc wizard (D:3)
  Terence (D:2)
  4 river rats (Sewer)
  4 adders
  A worm (D:2)
  A dart slug (D:2)
  A leopard gecko (D:1)
  5 orcs (D:3)
  5 ball pythons
  11 bats
  5 giant cockroaches
  5 goblins
  4 hobgoblins
  10 jackals
  5 kobolds
  2 quokkas
  7 frilled lizards
  A quokka skeleton (D:3)
  9 rats
83 creatures vanquished.

Notes
Turn   | Place    | Note
-------+----------+-------------------------------------------
     0 | D:1      | Exodus22XD the Deep Dwarf Fighter began the quest for the
                  | Orb.
     0 | D:1      | Reached XP level 1. HP: 20/20 MP: 1/1
   160 | D:1      | Reached XP level 2. HP: 27/27 MP: 2/2
   837 | D:2      | Reached XP level 3. HP: 30/34 MP: 3/3
   890 | D:2      | Noticed Sigmund
   912 | D:2      | Killed Sigmund
   912 | D:2      | Reached skill level 1 in Dodging
   912 | D:2      | Reached XP level 4. HP: 41/42 MP: 4/4
   912 | D:2      | Reached XP level 5. HP: 47/49 MP: 5/5
  1049 | D:2      | Found an ornate altar of the Wu Jian Council.
  1212 | D:2      | Noticed Terence
  1225 | D:2      | Killed Terence
  1453 | D:3      | Reached XP level 6. HP: 35/57 MP: 6/6
  1484 | D:3      | Found a glowing drain.
  1513 | Sewer    | Entered a sewer
  1976 | D:3      | Found a runed translucent gate.
  1976 | D:3      | Found a runed translucent gate.
  1976 | D:3      | Found a runed translucent gate.
  1977 | D:3      | Noticed Cykl0x's ghost (amateur FoFi)
  2500 | D:3      | Slain by Cykl0x's ghost

Skill      XL: |  1  2  3  4  5  6 |
---------------+-------------------+-----
Fighting       | 3 |  3.8
Axes           | 4 |  4.8
Armour         | 4 |  4.0
Dodging        | 1 2 |  2.2
Shields        | 4 |  4.6
Stealth        | |  0.2

Action                   |  1- 3 |  4- 6 || total
-------------------------+-------+-------++-------
Melee: War axe           |    92 |   187 ||   279
 Abil: Heal Wounds       |       |     1 ||     1
  Eat: Chunk             |       |     5 ||     5
Armor: Scale mail        |    50 |    79 ||   129
       Skin              |     4 |       ||     4
Dodge: Dodged            |    36 |    58 ||    94
Block: Shield            |    57 |   135 ||   192
